[Event "Titled Tuesday Blitz August 22 Early 2023"]
[White "Harsh Suresh"]
[Black "Dom1nant1337"]
[WhiteFideId "45018464"]
[WhiteElo "2877"]
[BlackElo "2563"]
[Result "1-0"]
[Round "2"]
[TimeControl "180+1"]
[Date "2023.08.22"]
[WhiteClock "0:00:11"]
[BlackClock "0:00:14"]
[Board "42"]

1. e4 c5 2. Nc3 e6 3. f4 d5 4. Nf3 Nf6 5. Bb5+ Bd7 6. Bxd7+ Qxd7 7. d3 Nc6 8. O-O Be7 9. Ne5 Qc7 10. Nxc6 Qxc6 11. e5 Nd7 12. Qf3 g6 13. Kh1 h5 14. b3 O-O-O 15. Bb2 h4 16. Ne2 h3 17. g3 Nb8 18. Rad1 d4 19. Qxc6+ Nxc6 20. a3 b5 21. Kg1 Kb7 22. Kf2 a5 23. Ng1 c4 24. dxc4 bxc4 25. bxc4 Bc5 26. Ke2 Ne7 27. Nf3 Nf5 28. Rb1 Kc6 29. Bc1 a4 30. Ng5 Rd7 31. Ne4 Be7 32. g4 Nh4 33. Kd3 Ng2 34. Bd2 Rh4 35. Rb5 Rxg4 36. Rfb1 Rc7 37. Rb8 Kd7 38. Kxd4 Nxf4 39. Ba5 Ra7 40. R1b7+ Rxb7 41. Rxb7+ Ke8 42. Rb8+ Kd7 43. Rb7+ Ke8 44. Bb4 Ne2+ 45. Ke3 Bxb4 46. Nf6+ Kf8 47. Nxg4 1-0


[Site "https://www.chess.com"]

[Event "Titled Tuesday Blitz August 22 Early 2023"]
[White "Yeletsky, Ivan"]
[Black "Siniauski, Artsiom"]
[WhiteFideId "24180327"]
[BlackFideId "13512269"]
[WhiteElo "2874"]
[BlackElo "2562"]
[Result "1-0"]
[Round "2"]
[TimeControl "180+1"]
[Date "2023.08.22"]
[WhiteClock "0:01:29"]
[BlackClock "0:00:37"]
[Board "43"]

1. d4 Nf6 2. c4 e6 3. Bf4 b6 4. a3 Bb7 5. Nc3 Be7 6. d5 O-O 7. Nf3 exd5 8. cxd5 Re8 9. e3 c6 10. Bc4 Bf8 11. d6 Ba6 12. Ba2 c5 13. Ne5 Rxe5 14. Bxe5 Nc6 15. Bg3 Qe8 16. Nd5 Nxd5 17. Qxd5 Rc8 18. Bc4 b5 19. Be2 Nd4 20. exd4 b4 21. Qe5 1-0


[Site "https://www.chess.com"]

[Event "Titled Tuesday Blitz August 22 Early 2023"]
[White "Principe, Gerson"]
[Black "Galchenko, Matvey"]
[WhiteFideId "3804550"]
[BlackFideId "24175480"]
[WhiteElo "2561"]
[BlackElo "2865"]
[Result "1-0"]
[Round "2"]
[TimeControl "180+1"]
[Date "2023.08.22"]
[WhiteClock "0:00:10"]
[BlackClock "0:00:01"]
[Board "44"]

1. d4 Nf6 2. Nf3 c5 3. e3 g6 4. Be2 Bg7 5. O-O cxd4 6. exd4 O-O 7. c3 d6 8. Bg5 Nc6 9. Nbd2 Qc7 10. Re1 h6 11. Bh4 g5 12. Bg3 Nh5 13. d5 Nxg3 14. hxg3 Nb8 15. Nd4 Na6 16. Bg4 Nc5 17. Bxc8 Raxc8 18. Nf5 Rce8 19. Qh5 e6 20. Nxh6+ Bxh6 21. Qxh6 f6 22. dxe6 Qg7 23. Qh5 Rxe6 24. Rxe6 Nxe6 25. Re1 Qf7 26. Qf3 Nc5 27. Qe3 Qxa2 28. b4 Nd7 29. Ne4 Qe6 30. Qd2 Ne5 31. Qxd6 Qxd6 32. Nxd6 b6 33. Ra1 Rd8 34. Ne4 Kf7 35. Rxa7+ Kg6 36. Ra1 f5 37. f4 gxf4 38. gxf4 Nd3 39. Nf2 Nxf4 40. c4 Rd4 41. c5 Rxb4 42. cxb6 Rxb6 43. Nh3 Ne2+ 44. Kh2 Rb2 45. Rf1 Kf6 46. Nf4 Nd4 47. Nd5+ Kg5 48. Nf4 Kg4 49. Nh3 Ne6 50. Nf2+ Kg5 51. Nd3 Rd2 52. Ne5 Nd4 53. Nf7+ Kf6 54. Nd6 Ke6 55. Nc4 Ra2 56. Ne3 Kf6 57. Nd5+ Kg5 58. Nf4 Kg4 59. Nh3 Ne6 60. Nf2+ Kg5 61. Nd3 Kg4 62. Ne5+ Kg5 63. Nf3+ Kg4 64. Ne5+ Kg5 65. Nd3 f4 66. Ne5 Kf5 67. Nf3 Kg4 68. Re1 Ra6 69. Re5 Rb6 70. Rd5 Ra6 71. Re5 Rb6 72. Ra5 Rc6 73. Ne5+ Kf5 74. Nxc6+ Kg4 75. Ne5+ Kf5 76. Nf3+ Kg4 77. Re5 Nc5 78. Rg5# 1-0


[Site "https://www.chess.com"]

[Event "Titled Tuesday Blitz August 22 Early 2023"]
[White "Durarbayli, Vasif"]
[Black "TimGrutter03"]
[WhiteFideId "13402935"]
[WhiteElo "2864"]
[BlackElo "2561"]
[Result "0-1"]
[Round "2"]
[TimeControl "180+1"]
[Date "2023.08.22"]
[WhiteClock "0:00:04"]
[BlackClock "0:00:03"]
[Board "45"]

1. e4 c6 2. d4 d5 3. exd5 cxd5 4. c4 Nf6 5. Nc3 g6 6. Qb3 Bg7 7. cxd5 O-O 8. Be2 Nbd7 9. Nh3 Nb6 10. Nf4 Bg4 11. f3 Bd7 12. a4 Rb8 13. Be3 Nc8 14. g4 Nd6 15. h4 a6 16. h5 b5 17. a5 b4 18. Na4 Qxa5 19. hxg6 hxg6 20. Kf2 Qd8 21. Nc5 a5 22. g5 Nh7 23. Rxh7 Kxh7 24. Qd1 Rh8 25. Bd3 Bf5 26. Be2 Kg8 27. Kg2 e5 28. Nfd3 exd4 29. Bf4 Nc4 30. Qe1 Ne3+ 31. Bxe3 dxe3 32. Qg3 Rc8 33. d6 Bh3+ 34. Kg1 Bxb2 35. Ra2 Bc3 36. Qf4 b3 37. Nxb3 Be6 38. Ndc5 Rxc5 39. Nxc5 Bxa2 40. d7 Be6 41. Qxe3 Bb4 42. Nxe6 fxe6 43. Qxe6+ Kf8 44. Bc4 Qxg5+ 45. Kf1 Qc1+ 46. Kf2 Qd2+ 47. Kg3 Bd6+ 48. f4 Qxf4+ 49. Kg2 Rh2+ 50. Kg1 Qf2# 0-1


[Site "https://www.chess.com"]

[Event "Titled Tuesday Blitz August 22 Early 2023"]
[White "Hnydiuk, Aleksander"]
[Black "Cordova, Emilio"]
[WhiteFideId "1109057"]
[BlackFideId "3801497"]
[WhiteElo "2560"]
[BlackElo "2864"]
[Result "0-1"]
[Round "2"]
[TimeControl "180+1"]
[Date "2023.08.22"]
[WhiteClock "0:00:00"]
[BlackClock "0:00:53"]
[Board "46"]

1. e4 Nc6 2. Nf3 d6 3. d4 g6 4. Nc3 Bg7 5. Be3 Nf6 6. Qd2 Ng4 7. Bg5 h6 8. Bh4 g5 9. Bg3 e5 10. Bb5 Bd7 11. Bxc6 Bxc6 12. h3 exd4 13. Nxd4 Ne5 14. Nf5 Qf6 15. Nd5 Bxd5 16. Qxd5 O-O-O 17. O-O-O Rhe8 18. Rhe1 Bh8 19. Re3 Nc6 20. Rb3 a6 21. f3 h5 22. Be1 Re5 23. Qd3 d5 24. Bc3 dxe4 25. Bxe5 Qxf5 26. Qxe4 Rxd1+ 27. Kxd1 Qxe4 28. fxe4 Bxe5 29. Rf3 f6 30. c3 h4 31. Rd3 Nd8 32. Ke2 Ne6 33. Kf3 Nf4 34. Rd2 c6 35. Kg4 Kc7 36. g3 hxg3 37. Kxg3 a5 38. Kg4 a4 39. a3 b5 40. h4 gxh4 41. Kxh4 Ne6 42. Kg4 Nc5 43. Kf5 Kb6 44. Rd8 Nb3 45. Ke6 Na5 46. Rd2 Nc4 47. Rg2 Kc5 48. Kd7 Nd6 49. Re2 Nb7 50. Ke6 Kc4 51. Kd7 c5 52. Kc6 Na5+ 53. Kb6 Nb3 54. Kc6 b4 55. axb4 cxb4 56. cxb4 Nd4+ 0-1


[Site "https://www.chess.com"]

[Event "Titled Tuesday Blitz August 22 Early 2023"]
[White "Lenderman, Aleksandr"]
[Black "Chor, Kevin"]
[WhiteFideId "2021285"]
[BlackFideId "2090740"]
[WhiteElo "2860"]
[BlackElo "2559"]
[Result "1-0"]
[Round "2"]
[TimeControl "180+1"]
[Date "2023.08.22"]
[WhiteClock "0:01:34"]
[BlackClock "0:00:05"]
[Board "47"]

1. Nf3 Nf6 2. b3 g6 3. Bb2 Bg7 4. g3 O-O 5. Bg2 d6 6. d4 c5 7. O-O cxd4 8. Nxd4 Qc7 9. c4 Nc6 10. Nc3 Bd7 11. Nc2 Rac8 12. Ne3 Be6 13. Qd2 Rfd8 14. Ncd5 Bxd5 15. cxd5 Ne5 16. Bd4 b5 17. Rac1 Qb7 18. Qa5 a6 19. Bxe5 dxe5 20. d6 e4 21. dxe7 Re8 22. Rxc8 Qxc8 23. Rd1 Nd7 24. Nd5 Qc2 25. Ne3 Qc6 26. Bxe4 Qxe4 27. Rxd7 Qb1+ 28. Rd1 Qe4 29. Rd8 Qb1+ 30. Nf1 1-0


[Site "https://www.chess.com"]

[Event "Titled Tuesday Blitz August 22 Early 2023"]
[White "Ilkhomi, Jaloliddin"]
[Black "Molina, Roberto Junio Brito"]
[WhiteFideId "14700948"]
[BlackFideId "2109450"]
[WhiteElo "2557"]
[BlackElo "2860"]
[Result "0-1"]
[Round "2"]
[TimeControl "180+1"]
[Date "2023.08.22"]
[WhiteClock "0:00:02"]
[BlackClock "0:00:11"]
[Board "48"]

1. d4 d5 2. Nf3 Nf6 3. Bf4 e6 4. e3 Bd6 5. Bg3 Qe7 6. Nbd2 Bxg3 7. hxg3 Nbd7 8. c4 O-O 9. Bd3 c5 10. Ne5 h6 11. cxd5 exd5 12. Nxd7 Bxd7 13. dxc5 Qxc5 14. Rc1 Qa5 15. O-O Rac8 16. Nb3 Qxa2 17. Ra1 Qxb2 18. Rxa7 Bc6 19. Nd4 Ra8 20. Rxa8 Rxa8 21. Qf3 Ra1 22. Rxa1 Qxa1+ 23. Kh2 h5 24. Bf5 Qa8 25. Qf4 Qd8 26. Bd3 Bd7 27. f3 g6 28. Qd6 Kg7 29. Bb5 Qe8 30. Bxd7 Qxd7 31. Qe5 Qe8 32. Qg5 Qd7 33. Qe5 b6 34. Qb8 Qe7 35. Qxb6 Qe5 36. Qb3 h4 37. f4 hxg3+ 38. Kxg3 Qh5 39. f5 Ne4+ 40. Kf4 Qh2+ 41. Kg4 Qg3# 0-1


[Site "https://www.chess.com"]

[Event "Titled Tuesday Blitz August 22 Early 2023"]
[White "Mekhitarian, Krikor Sevag"]
[Black "Taboas Rodriguez, Daniel"]
[WhiteFideId "2107660"]
[BlackFideId "2208466"]
[WhiteElo "2858"]
[BlackElo "2557"]
[Result "1-0"]
[Round "2"]
[TimeControl "180+1"]
[Date "2023.08.22"]
[WhiteClock "0:01:12"]
[BlackClock "0:01:43"]
[Board "49"]

1. Nf3 Nf6 2. c4 g6 3. Nc3 Bg7 4. e4 d6 5. d4 O-O 6. h3 c5 7. d5 e6 8. Bd3 exd5 9. exd5 Re8+ 10. Be3 Bh6 11. O-O Bxe3 12. fxe3 Qe7 13. e4 Nbd7 14. Qd2 a6 15. a4 Kg7 16. Rf2 Rf8 17. Raf1 Nh5 18. g4 Ng3 19. Re1 Ne5 20. Kg2 Bxg4 21. hxg4 Nxg4 22. Kxg3 Nxf2 23. Qxf2 Rae8 24. Kg2 Qf6 25. Qg3 Re7 26. a5 Rfe8 27. e5 dxe5 28. Ne4 Qf4 29. Qxf4 exf4 30. d6 Re6 31. Nxc5 1-0


[Site "https://www.chess.com"]

[Event "Titled Tuesday Blitz August 22 Early 2023"]
[White "Postlmayer, Jakob"]
[Black "Elsa167"]
[WhiteFideId "1643622"]
[WhiteElo "2555"]
[BlackElo "2857"]
[Result "0-1"]
[Round "2"]
[TimeControl "180+1"]
[Date "2023.08.22"]
[WhiteClock "0:00:01"]
[BlackClock "0:00:08"]
[Board "50"]

1. d4 Nf6 2. c4 g6 3. f3 c5 4. d5 d6 5. e4 Bg7 6. Ne2 O-O 7. Nec3 a6 8. Be2 e6 9. a4 a5 10. O-O e5 11. g4 Kh8 12. Na3 Ng8 13. Nab5 Na6 14. Be3 Bh6 15. Qd2 Bxe3+ 16. Qxe3 Nc7 17. f4 Nxb5 18. Nxb5 Qe7 19. fxe5 Qxe5 20. Qc3 Qxc3 21. bxc3 Ra6 22. g5 Bd7 23. Nc7 Ra7 24. Kg2 b6 25. Nb5 Bxb5 26. cxb5 Re7 27. Bd3 Kg7 28. Rf4 h6 29. h4 hxg5 30. hxg5 Re5 31. Rg4 f6 32. gxf6+ Nxf6 33. Rf4 g5 34. Rf3 Nxe4 35. Rxf8 Kxf8 36. c4 Nf6 37. Kf3 Kg7 38. Rg1 Nd7 39. Rh1 Nf8 40. Rg1 Kf6 41. Rf1 Nd7 42. Kg4+ Kg7 43. Bf5 Nf6+ 44. Kxg5 Re2 45. Be6 Ne4+ 46. Kf4 Nd2 47. Rg1+ Kf6 48. Rg8 Re4+ 49. Kg3 Nxc4 50. Rb8 Ke5 51. Kf3 Kd4 52. Rd8 Re3+ 53. Kf4 Ra3 54. Kf5 Rxa4 55. Kf6 Rb4 56. Ra8 a4 57. Ke7 a3 58. Kd7 Rxb5 59. Kc6 Ra5 60. Rh8 a2 61. Rh4+ Kc3 62. Rh3+ Kb4 63. Rh1 a1=Q 0-1


[Site "https://www.chess.com"]

[Event "Titled Tuesday Blitz August 22 Early 2023"]
[White "Hambleton, Aman"]
[Black "FoxOnTheRun97"]
[WhiteFideId "2606577"]
[WhiteElo "2856"]
[BlackElo "2554"]
[Result "1-0"]
[Round "2"]
[TimeControl "180+1"]
[Date "2023.08.22"]
[WhiteClock "0:00:02"]
[BlackClock "0:00:00"]
[Board "51"]

1. d4 Nf6 2. Bf4 d5 3. e3 Bf5 4. c4 e6 5. a3 Bd6 6. Bg5 h6 7. Bxf6 Qxf6 8. cxd5 exd5 9. Qb3 Nd7 10. Nc3 Nb6 11. Nf3 O-O-O 12. Nb5 Kb8 13. Rc1 Bd7 14. Nxd6 Qxd6 15. Ne5 Be6 16. Be2 f6 17. Nd3 g5 18. Nc5 Bc8 19. a4 Ka8 20. a5 Nd7 21. O-O h5 22. Qc3 Rh7 23. b4 h4 24. b5 h3 25. g3 f5 26. Bd3 Rf7 27. Nxd7 Qxd7 28. a6 b6 29. Qc6+ Qxc6 30. Rxc6 Rd6 31. Rxd6 cxd6 32. f3 Bd7 33. Rc1 Kb8 34. Kf2 Rf8 35. Be2 Rc8 36. Rxc8+ Kxc8 37. g4 fxg4 38. fxg4 Kd8 39. Kg3 Ke7 40. Kxh3 Kf6 41. Kg3 Be6 42. Bd3 Bd7 43. h4 Be6 44. h5 Kg7 45. Bf5 Bf7 46. Bd7 Kf6 47. Kf3 Bg8 48. Bc6 1-0


[Site "https://www.chess.com"]

[Event "Titled Tuesday Blitz August 22 Early 2023"]
[White "To, Nhat Minh"]
[Black "Ibrahimli, Murad"]
[WhiteFideId "729019"]
[BlackFideId "13410229"]
[WhiteElo "2550"]
[BlackElo "2854"]
[Result "0-1"]
[Round "2"]
[TimeControl "180+1"]
[Date "2023.08.22"]
[WhiteClock "0:00:47"]
[BlackClock "0:02:26"]
[Board "52"]

1. e4 c5 2. Nf3 d6 3. d4 cxd4 4. Qxd4 Nf6 5. Nc3 a6 6. h3 Nc6 7. Qe3 g6 8. Be2 Bg7 9. O-O O-O 10. Rd1 Qc7 11. a3 Be6 12. Nd5 Bxd5 13. exd5 Na5 14. Bd2 Nxd5 15. Bxa5 Qxa5 16. Qe4 e6 17. c4 Nf6 18. Qxb7 Rab8 19. b4 Rxb7 20. bxa5 Ne4 21. Rab1 Rfb8 22. Bd3 Nc5 23. Rxb7 Rxb7 24. Rb1 Bb2 25. Bc2 Bxa3 26. Rxb7 Nxb7 27. Nd4 Nxa5 28. Bd3 Bc5 29. Nc2 Nc6 30. Na1 a5 31. Bc2 Ne5 32. Ba4 Nxc4 33. Nb3 Nb2 34. Bb5 a4 35. Bxa4 Nxa4 0-1


[Site "https://www.chess.com"]

[Event "Titled Tuesday Blitz August 22 Early 2023"]
[White "Maksimovic, Bojan"]
[Black "Yelisieiev, Yevhenii"]
[WhiteFideId "14408120"]
[BlackFideId "14139642"]
[WhiteElo "2853"]
[BlackElo "2550"]
[Result "1-0"]
[Round "2"]
[TimeControl "180+1"]
[Date "2023.08.22"]
[WhiteClock "0:00:07"]
[BlackClock "0:00:05"]
[Board "53"]

1. e4 d6 2. d4 Nf6 3. Nc3 e5 4. Nf3 Nbd7 5. h3 Be7 6. g4 O-O 7. g5 Nh5 8. Be3 g6 9. Qd2 c6 10. a4 Qa5 11. Bd3 a6 12. h4 b5 13. b4 Qxb4 14. axb5 cxb5 15. Nd5 Qxd2+ 16. Kxd2 Bd8 17. Bxb5 exd4 18. Nxd4 Nc5 19. f3 Bb7 20. Bc6 Bxc6 21. Nxc6 Ne6 22. Rhb1 f6 23. Nxd8 Nxd8 24. Rb6 fxg5 25. hxg5 Rxf3 26. Rxd6 Ng3 27. Nf6+ Kh8 28. Raxa6 Rxa6 29. Rxa6 Kg7 30. Ra7+ Nf7 31. Bd4 Kf8 32. Nxh7+ Ke8 33. Nf6+ Kf8 34. Bc5+ Kg7 35. Bd4 Kf8 36. Ra8+ Ke7 37. Bc5+ Ke6 38. Re8# 1-0


[Site "https://www.chess.com"]

[Event "Titled Tuesday Blitz August 22 Early 2023"]
[White "Ismayil, Malak"]
[Black "Kravtsiv, Martyn"]
[WhiteFideId "13412604"]
[BlackFideId "14113147"]
[WhiteElo "2550"]
[BlackElo "2850"]
[Result "0-1"]
[Round "2"]
[TimeControl "180+1"]
[Date "2023.08.22"]
[WhiteClock "0:00:00"]
[BlackClock "0:00:25"]
[Board "54"]

1. e4 e5 2. Nf3 Nc6 3. Bc4 Nf6 4. d3 Bc5 5. Nc3 a6 6. O-O h6 7. Be3 d6 8. h3 O-O 9. Qd2 Qe7 10. Rae1 Bb4 11. a3 Bxc3 12. bxc3 Be6 13. Bb3 Rfe8 14. Nh2 Bxb3 15. cxb3 d5 16. exd5 Nxd5 17. b4 Rad8 18. Qc2 Qd7 19. Rd1 f5 20. Rfe1 Nce7 21. Bc1 Ng6 22. Nf3 Nf6 23. c4 Qf7 24. Bb2 Nd7 25. Qc3 Kh7 26. Rd2 Nf4 27. Qc2 Qg6 28. Nh4 Nxh3+ 29. Kh2 Qg4 30. gxh3 Qxh4 31. Rg1 Nf6 32. Re2 Qf4+ 33. Kh1 Qf3+ 34. Kh2 Qxd3 35. Qxd3 Rxd3 36. Rxe5 Rd2 37. Rxe8 Nxe8 38. Be5 Rxf2+ 39. Kg3 Re2 40. Kf4 Rf2+ 41. Ke3 Ra2 42. Kd4 Rxa3 43. h4 Rb3 44. Kc5 b6+ 45. Kc6 Rxb4 46. c5 bxc5 47. Kxc5 Rb5+ 48. Kd4 Rb4+ 49. Kd5 Rxh4 50. Ke6 Rg4 51. Rf1 Rg5 52. Ke7 Nd6 53. Bxd6 cxd6 54. Kxd6 a5 0-1


[Site "https://www.chess.com"]

[Event "Titled Tuesday Blitz August 22 Early 2023"]
[White "Bacrot, Etienne"]
[Black "Santos Flores, Alberto"]
[WhiteFideId "605506"]
[BlackFideId "3601234"]
[WhiteElo "2847"]
[BlackElo "2549"]
[Result "0-1"]
[Round "2"]
[TimeControl "180+1"]
[Date "2023.08.22"]
[WhiteClock "0:00:14"]
[BlackClock "0:00:32"]
[Board "55"]

1. e4 e6 2. d4 d5 3. e5 c5 4. c3 Qb6 5. Nf3 Nc6 6. a3 a5 7. Bd3 Bd7 8. Bc2 a4 9. Bxa4 Nxe5 10. Bxd7+ Nxd7 11. O-O Ngf6 12. Re1 cxd4 13. cxd4 Bd6 14. Nc3 O-O 15. Qe2 Qa6 16. Qc2 Rfc8 17. Bg5 h6 18. Bh4 Ne4 19. Qb3 Nxc3 20. bxc3 Rc6 21. Bg3 Bxg3 22. hxg3 Rac8 23. Re3 Nb6 24. Ne5 R6c7 25. g4 Nc4 26. Nxc4 Rxc4 27. Rb1 R8c7 28. Rg3 Qc6 29. g5 Rxc3 30. Rxc3 Qxc3 31. gxh6 Qxb3 32. Rxb3 gxh6 33. Kf1 Rc4 34. Rd3 b5 35. Ke2 b4 36. axb4 Rxb4 37. Ke3 Rb2 38. g3 Kg7 39. f3 h5 40. Kf4 Kg6 41. Rd1 Re2 42. Rb1 Rd2 43. Ke3 Rg2 44. Kf4 Ra2 45. Rb8 Ra3 46. Rg8+ Kh7 47. Rb8 Rd3 48. Rb4 Kg6 49. g4 h4 50. Ra4 f6 51. Ra8 Rxd4+ 52. Ke3 Rb4 53. Rh8 e5 54. Rxh4 Rb3+ 55. Kf2 d4 56. Rh8 Kf7 57. Ra8 Ke6 58. Ra6+ Ke7 59. Ke2 Re3+ 60. Kf2 Rc3 61. Ke2 Rc7 62. Kd3 Rd7 63. Ke4 Rd6 64. Ra7+ Ke6 65. Kd3 Rb6 66. Ra3 Rc6 67. Ra5 Kd6 68. Kd2 Rc3 69. Ke2 Re3+ 70. Kf2 Rb3 71. Ke2 Rb2+ 72. Kd3 Rf2 73. Ke4 Re2+ 74. Kf5 Re3 75. f4 Rf3 76. Ra6+ Kd5 77. Kxf6 Rxf4+ 78. Kg5 d3 79. Ra5+ Ke4 80. Ra4+ Ke3 0-1


[Site "https://www.chess.com"]

[Event "Titled Tuesday Blitz August 22 Early 2023"]
[White "maksimys18"]
[Black "Bernadskiy, Vitaliy"]
[BlackFideId "14100371"]
[WhiteElo "2547"]
[BlackElo "2846"]
[Result "1-0"]
[Round "2"]
[TimeControl "180+1"]
[Date "2023.08.22"]
[WhiteClock "0:00:08"]
[BlackClock "0:00:00"]
[Board "56"]

1. d4 Nf6 2. Nf3 c5 3. d5 d6 4. c4 e5 5. Nc3 Be7 6. Bg5 O-O 7. e3 Bg4 8. Be2 Nbd7 9. h4 Ne8 10. Bxe7 Qxe7 11. Qc2 Bxf3 12. Bxf3 f5 13. g4 e4 14. Be2 Nef6 15. gxf5 Qe5 16. O-O-O a6 17. h5 b5 18. h6 bxc4 19. hxg7 Rfb8 20. Bxc4 Rb4 21. b3 Nb6 22. Be2 c4 23. Rh6 cxb3 24. axb3 Rc8 25. Kd2 Nfxd5 26. Rc1 Rxc3 27. Qxc3 Nxc3 28. Rxc3 Kxg7 29. Re6 Qd5+ 30. Ke1 Rxb3 31. Rc7+ Kf8 32. Kf1 Qxf5 33. Rxd6 Rb1+ 34. Bd1 Qh3+ 35. Ke1 Qh1+ 36. Ke2 Qf3+ 37. Ke1 Qh1+ 38. Ke2 Rb2+ 39. Bc2 Qh5+ 40. Kd2 Qa5+ 41. Kc1 Rxc2+ 42. Kxc2 Qa2+ 43. Kd1 Qa1+ 44. Ke2 Qb2+ 45. Kf1 Qb1+ 46. Kg2 Ke8 47. Re6+ Kd8 48. Rxh7 Qb5 49. Rg6 Qd5 50. Rxb6 Ke8 51. Ra7 Kf8 52. Rb8+ 1-0


[Site "https://www.chess.com"]

[Event "Titled Tuesday Blitz August 22 Early 2023"]
[White "Bachmann, Axel"]
[Black "Trifan, Andrei Ioan"]
[WhiteFideId "3700488"]
[BlackFideId "12967068"]
[WhiteElo "2846"]
[BlackElo "2546"]
[Result "1-0"]
[Round "2"]
[TimeControl "180+1"]
[Date "2023.08.22"]
[WhiteClock "0:01:04"]
[BlackClock "0:00:40"]
[Board "57"]

1. e4 g6 2. d4 Bg7 3. Nf3 c6 4. Bd3 d5 5. e5 h5 6. h3 Nh6 7. O-O Bf5 8. Bxh6 Bxh6 9. Bxf5 gxf5 10. e6 f6 11. Nh4 Qd6 12. Qxh5+ Kd8 13. Nxf5 Qh2+ 14. Kxh2 Bf4+ 15. g3 Rxh5 16. Ng7 Rg5 17. gxf4 Rxg7 18. Nd2 Kc7 19. Rg1 Rxg1 20. Rxg1 Na6 21. f5 Kd6 22. Nf3 Nb4 23. c3 Nd3 24. Rg7 Nxf2 25. Nh4 Nd1 26. Ng6 Re8 27. Kg3 Nxb2 28. h4 Nd1 29. h5 Nxc3 30. h6 Ne4+ 31. Kf4 Ng5 32. h7 Nxh7 33. Rxh7 b5 34. a3 a5 35. Ke3 b4 36. axb4 axb4 37. Kd3 b3 38. Kc3 Rb8 39. Rxe7 c5 40. dxc5+ Kxc5 41. Kb2 d4 42. Rd7 Kc4 43. e7 Ra8 44. Rd8 Ra2+ 45. Kb1 Kc3 46. e8=Q Rb2+ 47. Kc1 Rc2+ 48. Kd1 Rd2+ 49. Ke1 b2 50. Rc8+ 1-0


[Site "https://www.chess.com"]

[Event "Titled Tuesday Blitz August 22 Early 2023"]
[White "Shishkov, Andrei"]
[Black "Timofeev, Artyom"]
[WhiteFideId "4500563"]
[BlackFideId "4140419"]
[WhiteElo "2545"]
[BlackElo "2845"]
[Result "0-1"]
[Round "2"]
[TimeControl "180+1"]
[Date "2023.08.22"]
[WhiteClock "0:00:15"]
[BlackClock "0:01:21"]
[Board "58"]

1. d4 e6 2. c4 Bb4+ 3. Bd2 Qe7 4. g3 Nf6 5. Bg2 O-O 6. Nf3 a5 7. O-O d6 8. Nc3 e5 9. a3 Bxc3 10. Bxc3 e4 11. Ne1 d5 12. b3 Be6 13. c5 Qd7 14. f3 Nc6 15. Nc2 Bh3 16. Qd2 Bxg2 17. Kxg2 Rfe8 18. b4 axb4 19. axb4 Rxa1 20. Rxa1 Ne7 21. Ne3 Nf5 22. Nxf5 Qxf5 23. Ra7 exf3+ 24. exf3 h5 25. h4 Qd7 26. Rxb7 Qc6 27. Ra7 Qb5 28. Kh3 Qf1+ 29. Qg2 Qd1 30. Ra2 Qd3 31. Rc2 Re3 32. Bd2 Re2 0-1


[Site "https://www.chess.com"]

[Event "Titled Tuesday Blitz August 22 Early 2023"]
[White "Piorun, Kacper"]
[Black "Gontcharov, Vladislav"]
[WhiteFideId "1130420"]
[BlackFideId "4123492"]
[WhiteElo "2842"]
[BlackElo "2544"]
[Result "1-0"]
[Round "2"]
[TimeControl "180+1"]
[Date "2023.08.22"]
[WhiteClock "0:00:05"]
[BlackClock "0:00:00"]
[Board "59"]

1. e4 e6 2. d3 c5 3. g3 Nc6 4. Bg2 g6 5. f4 Nge7 6. Nf3 Bg7 7. O-O d6 8. c3 O-O 9. Be3 Rb8 10. d4 cxd4 11. cxd4 d5 12. e5 b5 13. Nc3 b4 14. Na4 Qa5 15. b3 Ba6 16. Re1 Rfc8 17. g4 Bb5 18. Nc5 Qd8 19. Qd2 Rc7 20. Rec1 a5 21. Bf2 Rbc8 22. Rc2 Nb8 23. Rac1 Na6 24. a4 bxa3 25. Qxa5 Nxc5 26. dxc5 Bd3 27. Rd2 Ra8 28. Qc3 Be4 29. Nd4 Bxg2 30. Kxg2 g5 31. Nb5 gxf4 32. Nxc7 Qxc7 33. c6 Bxe5 34. Bd4 Bxd4 35. Qxd4 e5 36. Qc5 a2 37. Ra1 Ra6 38. Raxa2 Rxc6 39. Ra8+ Kg7 40. Qf2 Rc3 41. Ra7 Qd6 42. Rc2 f3+ 43. Kg1 Rxc2 44. Qxc2 Qb6+ 45. Qf2 Qd6 46. Qxf3 Ng6 47. Qxf7+ Kh6 48. Qxh7+ Kg5 49. Qh5+ Kf4 50. Qf5+ Ke3 51. Ra2 Nf4 52. Qc2 Qb4 53. Qf2+ Ke4 54. Qc2+ 1-0


[Site "https://www.chess.com"]

[Event "Titled Tuesday Blitz August 22 Early 2023"]
[White "Willy, Stephen"]
[Black "Zemlyanskii, Ivan"]
[WhiteFideId "30981468"]
[BlackFideId "24249971"]
[WhiteElo "2542"]
[BlackElo "2841"]
[Result "1/2-1/2"]
[Round "2"]
[TimeControl "180+1"]
[Date "2023.08.22"]
[WhiteClock "0:00:05"]
[BlackClock "0:00:06"]
[Board "60"]

1. e4 c5 2. c3 d5 3. exd5 Qxd5 4. d4 Nf6 5. Nf3 e6 6. Na3 Qd8 7. Bf4 Nc6 8. Bc4 a6 9. dxc5 Qxd1+ 10. Rxd1 Bxc5 11. O-O b5 12. Bb3 Bb7 13. Nc2 Ke7 14. Rfe1 Rhd8 15. Ncd4 Nxd4 16. Nxd4 Bxd4 17. Rxd4 Rxd4 18. cxd4 Bd5 19. Rc1 Bxb3 20. axb3 Nd5 21. Bd2 Kd7 22. f3 Rc8 23. Rxc8 Kxc8 24. Kf2 Kd7 25. Ke2 Kc6 26. Kd3 Nf6 27. Bf4 Nd7 28. Bd2 Kd5 29. Ba5 Nb8 30. Bd2 Nc6 31. Be3 a5 32. h4 h5 33. g4 g6 34. Bf2 f5 35. gxh5 gxh5 36. f4 a4 37. bxa4 bxa4 38. Be3 Na5 39. Bd2 Nc4 40. Bc3 Nd6 41. Bd2 Ne4 42. Be3 Nd6 43. Bd2 Nb5 44. Be3 a3 45. bxa3 Nxa3 46. Bd2 Nb5 47. Be3 Na7 48. Bf2 Nc6 49. Be3 Nb4+ 50. Kc3 Na6 51. Kd3 Nc7 52. Bf2 Na8 53. Be3 Nb6 54. Bf2 Nd7 55. Be3 Nf8 56. Bf2 Ng6 57. Bg3 Ne7 58. Bf2 Nc6 59. Be3 Na5 60. Bd2 Nb7 61. Be3 Kc6 62. Bd2 Nd6 63. Be3 Ne4 64. Bg1 Kb5 65. Be3 Kb4 66. d5 exd5 67. Kd4 Ng3 68. Kxd5 Kc3 69. Ke5 Kd3 70. Bf2 Nh1 71. Be1 Ke2 72. Kxf5 Kxe1 73. Kg5 Ng3 74. f5 Kf2 75. f6 Ne4+ 76. Kf5 Ke3 77. f7 Nd6+ 78. Kg6 Nxf7 79. Kxh5 Kf4 80. Kg6 Ne5+ 81. Kf6 Ng4+ 82. Kg6 Ne5+ 83. Kh5 Kf5 84. Kh6 Kf6 85. Kh5 Kf5 86. Kh6 Kf6 87. h5 Nd7 88. Kh7 Kf7 89. Kh6 Kf6 90. Kh7 Ne5 91. Kh6 Ng4+ 92. Kh7 Kf7 93. Kh8 Nh6 94. Kh7 Nf5 95. Kh8 Ng3 96. Kh7 Nf5 97. Kh8 Ne7 98. Kh7 Nc8 99. Kh8 Nd6 100. Kh7 Ne8 101. Kh8 Nf6 102. h6 Nd7 103. Kh7 Ne5 104. Kh8 Ng6+ 105. Kh7 Nf4 106. Kh8 Ne6 107. Kh7 Nc7 108. Kh8 Nd5 109. Kh7 Nb6 110. Kh8 Na8 111. Kh7 Nc7 112. Kh8 Nd5 113. Kh7 Nf6+ 114. Kh8 Ne8 115. h7 Kg6 116. Kg8 Nf6+ 117. Kf8 Nxh7+ 1/2-1/2


[Site "https://www.chess.com"]

[Event "Titled Tuesday Blitz August 22 Early 2023"]
[White "Chyzy, Jakub"]
[Black "Dvirnyy, Danyyil"]
[WhiteFideId "21806209"]
[BlackFideId "817570"]
[WhiteElo "2542"]
[BlackElo "2832"]
[Result "0-1"]
[Round "2"]
[TimeControl "180+1"]
[Date "2023.08.22"]
[WhiteClock "0:00:00"]
[BlackClock "0:01:29"]
[Board "61"]

1. e4 g6 2. d4 Bg7 3. Nc3 d6 4. Be3 a6 5. f3 b5 6. Qd2 Nd7 7. O-O-O Bb7 8. Kb1 Rc8 9. h4 h5 10. Nh3 c5 11. dxc5 Nxc5 12. Bd4 Nf6 13. Ng5 Qc7 14. Nd5 Bxd5 15. exd5 O-O 16. g4 Ncd7 17. gxh5 Nxh5 18. Bxg7 Kxg7 19. Bh3 Rb8 20. Bxd7 Qxd7 21. Qd4+ Kg8 22. Rde1 Rfe8 23. Ne6 fxe6 24. dxe6 Qc6 25. Rhg1 Kh7 26. Rxg6 Rg8 27. Rg5 Rxg5 28. hxg5 Qxf3 29. Qa7 Re8 30. Qd7 Ng7 31. Qa7 Nxe6 32. g6+ Kg7 33. a4 Qf6 34. Qd7 Rd8 35. Qxe6 Qxe6 36. Rxe6 Rd7 37. a5 Kh6 38. c3 Kg7 39. Kc2 Rc7 40. Kd3 Kf8 41. Kd4 Rc4+ 42. Kd5 Rc5+ 43. Kd4 Rc4+ 44. Kd3 Rg4 45. b3 Ke8 46. c4 bxc4+ 47. bxc4 Kd7 48. Re2 Rxg6 49. Rb2 Rg5 50. Rb7+ Ke6 51. Ra7 Rxa5 52. Kd4 Ra3 53. c5 Ra4+ 54. Kc3 dxc5 55. Kb3 Ra5 56. Kc4 Kd6 57. Ra8 Ra4+ 58. Kb3 Rb4+ 59. Kc3 Rb6 60. Rd8+ Kc6 61. Re8 Rb7 62. Ra8 Kb5 63. Re8 a5 64. Ra8 a4 65. Rc8 e5 66. Re8 a3 67. Kb3 a2 68. Kxa2 Kc4 69. Rxe5 Kd4 70. Re8 Kc3 71. Re3+ Kd2 72. Re5 c4 73. Rd5+ Kc2 74. Ka3 c3 75. Rd6 Ra7+ 76. Kb4 Kb2 77. Rc6 c2 0-1


[Site "https://www.chess.com"]